Map: Dusty Gorge

Players

Throwfordays - Winner!

  • Race: Protoss Protoss
  • League: Silver
  • Spawn Location: 11:00

Faust - Winner!

  • Race: Zerg Zerg
  • League: Diamond
  • Spawn Location: 9:00

DoubleagentB

  • Race: Zerg Zerg
  • Spawn Location: 3:00

cristian

  • Race: Protoss Protoss
  • Spawn Location: 5:00

VOD

Have the link to the VOD?

Description

Time

  • Played on: April 9, 2019, 4:37 p.m.
  • Length: 23:39
Show
View Real Time Build Order
Export as new Build Order

Throwfordays Protoss - Winner!

Build Orders:  

Get SALT Encoding   

  12  0:00  Probe  
  13  0:12  Probe  
  14  0:21  Pylon  
  14  0:25  Probe  
  15  0:40  Gateway  
  15  0:41  Probe  
  16  0:53  Probe  
  17  1:06  Probe  
  17  1:08  Assimilator  
  18  1:16  Gateway  
  18  1:33  Cybernetics Core  
  18  1:34  Probe  
  19  1:40  Zealot  
  19  1:47  Probe  
  22  1:59  Probe  
  23  2:10  Pylon  
  23  2:17  Assimilator  
  23  2:28  Zealot x2  
  27  2:39  Warp Gate  
  27  2:50  Probe  
  28  2:54  Pylon  
  28  3:02  Probe  
  29  3:14  Probe  
  30  3:24  Nexus  
  30  3:28  Probe  
  31  3:54  Nexus  
  31  4:06  Pylon  
  31  4:20  Robotics Facility  
  31  4:30  Assimilator  
  31  4:32  Stalker  
  31  4:34  Assimilator  
  31  4:35  Probe  
  34  4:42  Stalker  
  34  4:43  Probe  
  36  4:51  Probe  
  37  4:55  Probe  
  37  4:58  Pylon  
  39  5:02  Probe  
  40  5:08  Probe  
  40  5:10  Probe  
  42  5:23  Probe x2  
  42  5:24  Forge  
  42  5:26  Probe  
  45  5:32  Stalker  
  47  5:35  Probe  
  47  5:37  Probe  
  47  5:38  Probe  
  48  5:48  Stalker  
  44  5:58  Stalker  
  46  6:12  Probe  
  46  6:13  Probe  
  46  6:15  Probe  
  49  6:20  Probe  
  50  6:29  Probe x2  
  50  6:32  Probe  
  52  6:38  Assimilator  
  53  6:40  Assimilator  
  53  6:41  Probe x2  
  53  6:44  Probe  
  56  6:51  Photon Cannon  
  56  6:53  Probe  
  54  6:55  Photon Cannon  
  52  7:04  Pylon  
  52  7:12  Stalker x2  
  52  7:15  Immortal  
  54  7:25  Probe  
  54  7:28  Probe  
  56  7:34  Photon Cannon  
  56  7:37  Probe  
  55  7:40  Probe  
  56  7:46  Photon Cannon  
  56  7:49  Photon Cannon, Probe  
  57  7:52  Probe  
  58  8:01  Probe  
  58  8:04  Probe  
  60  8:13  Probe  
  60  8:16  Probe  
  62  8:20  Photon Cannon  
  62  8:25  Probe  
  63  8:27  Warp Prism  
  63  8:28  Protoss Air Weapons Level 1  
  63  8:33  Probe  
  66  8:38  Probe  
  67  8:45  Probe  
  68  8:50  Probe  
  69  8:57  Probe  
  69  9:02  Probe  
  71  9:08  Photon Cannon  
  71  9:18  Nexus  
  71  9:39  Protoss Ground Weapons Level 1  
  71  9:45  Pylon  
  71  9:48  Pylon  
  71  9:53  Pylon  
  71  9:56  Stargate x2  
  71  9:58  Stargate  
  71  10:01  Stargate  
  71  10:02  Stargate  
  71  10:13  Pylon x2  
  71  10:15  Photon Cannon  
  71  10:16  Pylon  
  71  10:18  Pylon  
  71  10:19  Photon Cannon  
  71  10:25  Gateway  
  71  10:26  Gateway  
  71  10:29  Gateway  
  71  10:30  Probe  
  71  10:33  Probe  
  73  10:38  Probe  
  75  10:42  Probe  
  75  10:45  Probe  
  75  10:47  Void Ray  
  80  10:50  Probe  
  80  10:53  Probe  
  80  10:55  Void Ray, Probe  
  86  10:59  Probe  
  86  11:01  Probe  
  86  11:03  Probe  
  88  11:07  Probe  
  88  11:09  Probe  
  91  11:11  Probe  
  91  11:16  Probe  
  93  11:19  Void Ray x2  
  93  11:21  Probe  
  93  11:25  Void Ray  
  103  11:28  Probe  
  108  11:34  Protoss Air Armor Level 1  
  108  11:38  Void Ray  
  108  11:39  Protoss Shields Level 1  
  112  11:44  Void Ray  
  116  11:58  Fleet Beacon  
  116  12:01  Cybernetics Core  
  116  12:04  Twilight Council  
  116  12:21  Zealot x3  
  116  12:22  Zealot  
  124  12:30  Void Ray  
  124  12:31  Void Ray x3  
  138  12:47  Protoss Air Weapons Level 2  
  132  12:54  Void Ray  
  136  13:00  Pylon  
  136  13:03  Pylon  
  137  13:05  Probe  
  137  13:07  Pylon  
  137  13:10  Pylon  
  137  13:16  Nexus  
  137  13:27  Pylon  
  137  13:28  Pylon  
  137  13:29  Void Ray  
  141  13:40  Void Ray x2  
  149  13:44  Protoss Shields Level 2  
  149  13:56  Protoss Air Armor Level 2  
  149  14:06  Void Ray  
  149  14:07  Void Ray  
  157  14:12  Charge  
  157  14:14  Void Ray  
  161  14:27  Probe  
  161  14:29  Assimilator, Probe  
  162  14:33  Assimilator  
  162  14:38  Probe  
  163  14:39  Probe  
  165  14:47  Probe  
  165  14:51  Probe  
  167  14:55  Void Ray x3  
  167  14:57  Void Ray  
  167  14:59  Probe  
  184  15:03  Probe  
  184  15:04  Void Ray  
  189  15:11  Probe  
  190  15:15  Probe  
  191  16:06  Protoss Shields Level 3  
  191  16:21  Void Ray  
  191  16:22  Void Ray  
  199  16:26  Protoss Air Weapons Level 3  
  199  16:27  Protoss Air Armor Level 3  
  167  17:08  Void Ray x4  
  131  17:09  Void Ray  
  129  17:51  Zealot x4  
  129  17:52  Zealot  
  133  17:59  Void Ray x4  
  133  18:00  Void Ray  
  134  18:27  Stalker x3  
  134  18:33  Void Ray  
  96  18:42  Void Ray x3  
  96  18:47  Void Ray  
  94  18:53  Stalker x2  
  50  19:57  Void Ray  
  50  19:58  Void Ray  
  58  20:03  Zealot x2  
  62  20:34  Void Ray  
  66  20:52  Nexus  
  66  20:55  Assimilator  
  66  21:16  Nexus  
  66  21:34  Void Ray x2  
  74  22:02  Void Ray  
  78  22:10  Void Ray, Probe  
  83  22:18  Assimilator, Probe  
  83  22:21  Assimilator  
  84  22:28  Probe  
  84  22:29  Probe  
  86  22:39  Void Ray, Probe  
  86  22:40  Void Ray, Probe  
  96  22:47  Probe  
  96  22:52  Probe  
  96  22:55  Probe  
Show
View Real Time Build Order
Export as new Build Order

Faust Zerg - Winner!

Build Orders: Hatch First, Swarm Host 

Get SALT Encoding   

  12  0:01  Drone  
  13  0:12  Drone  
  14  0:18  Extractor  
  14  0:19  Drone  
  15  0:23  Overlord  
  15  0:41  Drone  
  15  0:42  Drone  
  17  0:54  Hatchery  
  16  0:57  Drone  
  17  1:08  Extractor  
  17  1:09  Drone  
  17  1:18  Spawning Pool  
  16  1:21  Drone  
  17  1:26  Drone  
  18  2:04  Zergling x4  
  18  2:05  Zergling x2  
  18  2:06  Queen  
  18  2:08  Queen  
  23  2:10  Zergling x2  
  26  2:20  Zergling x4  
  28  2:42  Metabolic Boost  
  28  2:43  Overlord  
  28  2:47  Overlord  
  28  3:01  Drone  
  28  3:02  Drone x4  
  33  3:09  Drone  
  34  3:20  Lair  
  30  3:45  Zergling x2  
  29  3:49  Drone x6  
  35  3:57  Overlord  
  35  3:58  Overlord  
  35  4:07  Extractor  
  34  4:10  Hatchery  
  34  4:13  Extractor  
  34  4:14  Extractor, Drone x3  
  34  4:15  Drone x3  
  37  4:17  Drone  
  37  4:23  Drone  
  39  4:32  Drone x2  
  39  4:35  Drone x2  
  39  4:36  Overlord  
  43  4:42  Hydralisk Den  
  43  4:44  Baneling Nest  
  41  4:47  Roach Warren  
  41  4:49  Spore Crawler  
  39  4:56  Drone x2  
  39  4:58  Drone  
  42  5:00  Drone  
  42  5:02  Drone  
  44  5:07  Zergling x2  
  45  5:18  Drone x2, Infestation Pit  
  45  5:19  Drone  
  45  5:20  Drone  
  48  5:29  Muscular Augments  
  48  5:40  Hydralisk x3  
  54  5:47  Spore Crawler  
  52  5:53  Drone x2  
  52  5:54  Drone x4  
  58  6:06  Hydralisk x3  
  64  6:12  Queen  
  64  6:15  Drone x3  
  64  6:17  Drone  
  70  6:19  Drone  
  70  6:21  Drone  
  70  6:22  Drone  
  73  6:32  Evolution Chamber  
  72  6:34  Evolution Chamber  
  72  6:35  Nydus Network  
  70  6:40  Drone x3, Grooved Spines  
  70  6:43  Overlord x2  
  73  7:03  Zerg Missile Weapons Level 1  
  73  7:04  Zerg Ground Armor Level 1  
  73  7:07  Swarm Host x5  
  88  7:22  Overlord x3  
  88  7:39  Overlord  
  88  7:40  Overlord x2  
  88  7:41  Hydralisk x3  
  88  7:42  Hydralisk x4  
  102  7:45  Drone x3  
  105  8:06  Hydralisk x4  
  105  8:08  Zergling x14  
  105  8:09  Overseer  
  120  8:20  Nydus Canal  
  120  8:23  Zergling x16  
  128  8:51  Overseer  
  128  9:01  Zergling x2  
  128  9:02  Overlord x3  
  129  9:03  Overlord  
  129  9:11  Extractor  
  129  9:12  Extractor  
  129  9:13  Zerg Ground Armor Level 2, Zerg Missile Weapons Level 2  
  125  9:27  Drone x3  
  125  9:28  Drone x4  
  125  9:29  Drone x4, Overlord x2  
  125  9:30  Overlord  
  136  9:44  Zergling x2  
  136  9:45  Zergling x12  
  142  10:01  Hydralisk x6  
  154  10:09  Lurker Den  
  154  10:10  Nydus Canal  
  136  10:40  Zergling x8  
  136  10:41  Zergling x16  
  141  10:54  Hydralisk x3  
  147  11:03  Hive  
  147  11:04  Burrow, Pneumatized Carapace  
  147  11:16  Extractor  
  147  11:17  Hatchery  
  145  11:20  Extractor  
  144  11:28  Centrifical Hooks, Spire  
  116  12:01  Hydralisk  
  116  12:02  Hydralisk x17  
  103  12:19  Drone x4  
  107  12:32  Queen  
  107  12:33  Drone x2  
  107  12:34  Drone x4  
  115  12:45  Zerg Ground Armor Level 3, Zerg Missile Weapons Level 3  
  115  12:46  Hatchery  
  114  12:51  Hydralisk  
  114  12:52  Hydralisk x11  
  114  12:57  Viper x2  
  114  12:58  Viper  
  147  13:05  Drone x2  
  149  13:24  Drone x5  
  149  13:25  Drone  
  155  13:34  Adaptive Talons  
  155  13:59  Corruptor x6  
  155  14:00  Corruptor x6  
  179  14:03  Extractor  
  179  14:04  Hatchery  
  179  14:07  Extractor  
  176  14:21  Hydralisk  
  176  14:22  Hydralisk x2  
  176  14:24  Overlord x5  
  182  14:27  Overlord  
  182  14:28  Overlord x2  
  182  14:41  Queen  
  167  15:23  Zerg Melee Weapons Level 1  
  167  15:44  Hydralisk  
  167  15:45  Hydralisk x15  
  199  16:31  Drone x2  
  199  16:32  Drone x4  
  179  16:38  Drone x4  
  179  16:39  Drone x2  
  133  16:50  Viper x6  
  115  17:38  Spore Crawler  
  115  17:39  Spore Crawler  
  115  17:40  Spore Crawler  
  115  17:41  Spore Crawler  
  111  17:46  Spine Crawler  
  111  17:47  Spine Crawler  
  111  17:49  Corruptor  
  111  17:50  Corruptor x12, Spine Crawler  
  134  17:52  Hydralisk x4  
  134  17:53  Hydralisk x26  
  194  18:16  Hydralisk x3  
  99  19:29  Corruptor  
  99  19:30  Corruptor x10  
  99  19:31  Hydralisk x12  
  118  19:34  Drone  
  143  19:39  Spine Crawler  
  140  19:53  Hydralisk x6  
  141  20:01  Hydralisk x3  
  147  20:14  Queen x2  
  147  20:19  Zergling x2  
  147  20:20  Zergling x52  
  147  20:21  Zergling x2  
  125  20:45  Hydralisk  
  125  20:46  Hydralisk x12  
  137  20:50  Hydralisk  
  139  21:09  Corruptor  
  139  21:10  Corruptor x3  
  147  21:41  Hatchery  
  147  21:42  Extractor x2  
  138  21:47  Corruptor x4  
  138  21:48  Corruptor x2  
  138  21:53  Overlord  
  150  22:01  Overseer x3  
  150  22:11  Drone x4  
  150  22:12  Drone x2  
  156  22:28  Spire  
  127  23:07  Extractor, Hatchery  
  127  23:10  Extractor  
  110  23:25  Drone x3  
  110  23:26  Drone x3  
  116  23:32  Hatchery  
Show
View Real Time Build Order
Export as new Build Order

DoubleagentB Zerg 

Build Orders: Pool First 

Get SALT Encoding   

  12  0:03  Drone  
  13  0:16  Drone  
  13  0:18  Overlord  
  14  0:38  Spawning Pool  
  14  0:39  Drone  
  14  0:44  Drone  
  14  0:48  Drone  
  16  0:52  Drone  
  17  1:03  Drone  
  18  1:25  Spine Crawler  
  18  1:32  Drone x2  
  19  1:33  Queen  
  21  1:42  Hatchery  
  20  1:47  Overlord  
  20  1:55  Drone x2  
  22  2:08  Drone  
  23  2:17  Extractor  
  23  2:20  Queen, Drone  
  23  2:21  Extractor  
  24  2:42  Drone x2  
  26  3:00  Queen  
  26  3:03  Drone x4  
  32  3:08  Lair  
  32  3:12  Roach Warren  
  31  3:17  Spine Crawler  
  31  3:18  Evolution Chamber  
  31  3:19  Drone  
  30  3:21  Drone  
  31  3:38  Drone x5  
  34  3:55  Queen  
  36  4:01  Spine Crawler  
  35  4:08  Overlord  
  35  4:10  Overlord  
  35  4:24  Zerg Missile Weapons Level 1  
  35  4:26  Glial Reconstitution  
  35  4:28  Roach x2  
  39  4:35  Roach x2  
  43  4:40  Roach  
  43  4:41  Roach  
  43  4:45  Drone  
  48  4:50  Drone x3  
  51  5:03  Infestation Pit  
  50  5:13  Extractor  
  49  5:14  Extractor, Drone x2  
  49  5:15  Drone x2  
  49  5:17  Overlord x2  
  52  5:55  Hatchery  
  51  6:00  Roach x7  
  51  6:02  Infestor  
  67  6:12  Drone  
  67  6:14  Overlord x3  
  68  6:37  Drone  
  68  6:38  Drone x4  
  73  6:41  Zerg Missile Weapons Level 2  
  73  6:42  Tunneling Claws  
  73  7:02  Zergling x2  
  73  7:03  Zergling x12  
  80  7:14  Zergling x6  
  83  7:30  Infestor  
  83  7:31  Infestor x2  
  83  7:35  Zergling x2  
  83  7:36  Zergling x4  
  92  7:39  Drone  
  92  7:40  Queen  
  92  7:42  Drone  
  96  7:58  Metabolic Boost  
  96  7:59  Infestor  
  96  8:04  Spore Crawler  
  97  8:07  Evolution Chamber  
  96  8:20  Queen  
  96  8:23  Overlord  
  96  8:24  Overlord x2  
  98  8:33  Hatchery  
  97  8:43  Overseer x2  
  97  8:52  Overseer  
  95  8:57  Roach  
  95  8:58  Roach x10  
  109  9:04  Burrow  
  109  9:17  Roach  
  109  9:18  Roach x5  
  121  9:43  Drone  
  122  9:46  Overlord  
  122  9:47  Overlord x2  
  122  9:48  Hatchery  
  108  10:16  Zergling x2  
  108  10:17  Zergling x16  
  65  10:53  Roach x2  
  65  10:54  Roach x7  
  83  11:00  Neural Parasite  
  83  11:05  Hydralisk Den  
  83  11:08  Queen  
  84  11:15  Drone  
  84  11:16  Drone x5  
  90  11:19  Queen  
  90  11:25  Roach  
  94  11:26  Roach x2  
  96  11:39  Roach  
  84  11:40  Roach x5  
  67  12:02  Lair  
  54  12:19  Drone  
  54  12:20  Drone x12  
  61  12:53  Drone  
  61  12:54  Drone x13  
  75  13:01  Spore Crawler x2  
  75  13:03  Spore Crawler  
  72  13:15  Queen  
  74  13:23  Zerg Melee Weapons Level 1  
  74  13:25  Zerg Ground Armor Level 1  
  74  13:27  Muscular Augments  
  74  13:29  Roach  
  74  13:30  Roach x6  
  88  13:49  Extractor  
  88  13:52  Extractor  
  86  13:57  Extractor  
  86  13:58  Hydralisk  
  86  13:59  Extractor, Hydralisk x9  
  104  14:16  Nydus Network  
  103  14:20  Hydralisk x4  
  111  14:45  Roach  
  111  14:46  Roach x5  
  121  14:58  Overlord x7  
Show
View Real Time Build Order
Export as new Build Order

cristian Protoss 

Build Orders: Carriers 

Get SALT Encoding   

  1  0:00  Probe  
  12  0:06  Probe  
  14  0:16  Probe  
  15  0:25  Pylon  
  15  0:43  Probe  
  15  0:47  Forge  
  16  0:55  Probe  
  17  1:05  Probe  
  17  1:09  Gateway  
  18  1:13  Probe  
  19  1:47  Pylon  
  19  1:50  Probe  
  19  1:54  Pylon  
  19  1:59  Cybernetics Core  
  19  2:04  Pylon  
  19  2:08  Pylon  
  19  2:25  Probe  
  20  2:33  Assimilator, Probe  
  18  2:38  Assimilator  
  18  2:43  Photon Cannon, Probe  
  20  2:55  Probe  
  21  3:04  Nexus  
  21  3:12  Probe  
  21  3:13  Shield Battery  
  22  3:20  Probe  
  23  3:42  Stargate  
  23  3:57  Stargate  
  23  3:59  Probe  
  24  4:07  Assimilator  
  24  4:11  Probe  
  24  4:14  Assimilator, Probe  
  25  4:17  Pylon  
  25  4:22  Probe  
  26  4:26  Oracle  
  30  4:34  Oracle  
  33  4:53  Nexus  
  33  5:01  Probe  
  33  5:06  Probe  
  35  5:13  Probe  
  36  5:18  Probe  
  36  5:21  Void Ray  
  41  5:25  Probe  
  42  5:31  Void Ray, Probe  
  47  5:38  Probe  
  48  5:43  Probe  
  49  5:50  Probe  
  49  5:55  Probe  
  51  6:12  Protoss Air Weapons Level 1  
  51  6:15  Pylon  
  51  6:16  Pylon  
  51  6:27  Nexus  
  51  6:29  Probe  
  51  6:31  Pylon  
  51  6:33  Void Ray  
  51  6:38  Probe  
  56  6:40  Protoss Shields Level 1  
  56  6:43  Photon Cannon  
  56  6:47  Shield Battery, Probe  
  58  7:04  Void Ray  
  62  7:17  Photon Cannon  
  62  7:20  Photon Cannon  
  62  7:22  Shield Battery  
  62  7:39  Probe  
  63  7:46  Probe  
  63  7:47  Probe  
  63  7:48  Probe  
  66  7:57  Void Ray x2  
  74  7:58  Probe  
  74  8:00  Probe  
  74  8:03  Protoss Air Armor Level 1, Probe  
  76  8:10  Probe  
  76  8:11  Probe  
  78  8:14  Probe  
  80  8:21  Probe  
  80  8:22  Probe  
  80  8:26  Probe  
  83  8:34  Probe  
  83  8:39  Probe  
  85  8:47  Probe  
  86  8:51  Probe  
  86  8:52  Robotics Facility  
  86  8:54  Fleet Beacon  
  87  8:56  Cybernetics Core  
  87  8:59  Probe  
  87  9:01  Twilight Council  
  88  9:03  Stargate, Probe  
  88  9:05  Stargate  
  89  9:11  Probe  
  89  9:13  Pylon  
  89  9:16  Pylon  
  90  9:18  Pylon  
  90  9:20  Pylon  
  86  9:38  Carrier x2  
  98  9:44  Photon Cannon  
  98  9:46  Photon Cannon  
  98  9:47  Photon Cannon  
  98  9:48  Photon Cannon  
  98  9:53  Pylon  
  98  9:55  Photon Cannon  
  98  9:57  Shield Battery  
  98  9:59  Shield Battery  
  98  10:01  Shield Battery  
  98  10:02  Probe  
  98  10:04  Shield Battery  
  99  10:10  Probe  
  99  10:13  Carrier  
  106  10:19  Carrier  
  106  10:20  Probe  
  112  10:28  Protoss Shields Level 2  
  113  10:34  Protoss Air Armor Level 2  
  113  10:35  Protoss Air Weapons Level 2  
  113  10:48  Assimilator  
  113  10:49  Assimilator  
  113  11:11  Nexus  
  113  11:14  Assimilator  
  113  11:15  Assimilator  
  107  12:20  Carrier x2  
  107  12:22  Carrier x2  
  131  12:32  Pylon  
  131  12:34  Pylon  
  131  12:39  Pylon  
  131  12:40  Pylon  
  131  12:46  Protoss Shields Level 3  
  131  12:49  Pylon  
  131  12:51  Pylon  
  131  12:55  Probe  
  131  13:03  Probe  
  133  13:13  Probe  
  134  13:23  Tempest, Probe  
  134  13:24  Tempest  
  134  13:26  Tempest x2  
  155  13:30  Protoss Air Weapons Level 3  
  155  13:31  Probe  
  155  13:39  Probe  
  155  13:40  Protoss Air Armor Level 3  
  157  13:49  Mothership  
  157  13:51  Probe  
  158  14:00  Observer  
  167  14:16  Observer  
  167  14:21  Probe  
  169  14:33  Probe  
  169  14:38  Pylon, Observer  
  171  14:41  Pylon  
  171  14:42  Pylon  
  171  14:45  Probe  
  172  14:51  Carrier x2  
  184  14:55  Carrier  
  184  14:57  Probe  
  184  14:58  Carrier  
  184  14:59  Observer  
  198  15:09  Probe  
  166  15:41  Stargate  
  166  15:42  Stargate  
  166  15:44  Stargate  
  166  15:47  Stargate  
  166  15:48  Stargate  
  166  15:57  Carrier  
  166  16:01  Stargate  
  166  16:03  Stargate  
  178  16:07  Shield Battery  
  178  16:12  Shield Battery  
  178  16:15  Shield Battery  
  128  17:17  Carrier x2  
  128  17:18  Carrier x3  
  158  17:47  Pylon  
  158  17:49  Pylon  
  158  17:51  Pylon  
  158  17:54  Pylon  
  164  18:05  Carrier  
  164  18:17  Carrier x2  
  119  19:15  Mothership  
  91  20:24  Nexus  
  91  20:28  Assimilator  
  79  21:06  Void Ray x3, Probe  
  92  21:17  Oracle  
  95  21:18  Probe  
  96  21:30  Probe  
  96  22:04  Nexus  
  96  22:05  Probe  
  95  22:09  Assimilator  
  95  22:13  Probe  
  97  22:23  Probe  
  98  22:30  Assimilator  
  98  22:35  Probe  
  99  22:47  Probe  
Tags
 
Add a new tag
Caveats
  • Supply blocks, unpowered buildings, or Contaminate may cause inaccurate times.
  • Supply counts are checked every 10 seconds.